AoeStats
← No aprendemos 2026

Arabia

510549548Analyzed
1v1 RM · 2d ago on Oct 1, 2026· 46m 17s· 2 players
Game mode
Random Map
Map size
Tiny (2 player)
Population
200
Speed
Normal
Resources
Standard
Victory
Conquest
Starting age
Dark Age
Ending age
Imperial Age
RankedLock teamsTeams togetherTeam positionsShared explorationLock speedFull tech treeHidden civsTurbo modeCheats
Victory
Defeat
🇪🇸 Mongols · Spain
1466
+15
🇹🇼 Portuguese · Taiwan
1435
-15
pasturewang
6:19 Loom
8:48 Feudal Age
10:09 Double-Bit Axe
17:43 Fletching
23:12 Castle Age
22:18 Gold Mining
22:08 Horse Collar
23:35 Padded Archer Armor
24:01 Bodkin Arrow
23:32 Crossbowman
25:53 Bow Saw
30:08 Stone Mining
39:10 Imperial Age
38:13 Ballistics
38:40 Wheelbarrow
39:49 Leather Archer Armor
39:57 Masonry
39:53 Bracer
41:01 Chemistry
41:20 Ring Archer Armor
41:52 Light Cavalry
42:43 Bloodlines
43:16 Scale Barding Armor
43:22 Forging
43:36 Pikeman
44:31 Scale Mail Armor
46:38 Hand Cart
No aprendemos 2026
8:21 Loom
10:15 Feudal Age
11:21 Double-Bit Axe
11:48 Man-at-Arms
13:44 Town Watch
14:08 Horse Collar
16:18 Fletching
18:26 Wheelbarrow
21:33 Castle Age
20:18 Scale Barding Armor
21:15 Bloodlines
22:05 Forging
24:38 Iron Casting
27:47 Bow Saw
33:50 Heavy Plow
38:28 Imperial Age
37:24 Bodkin Arrow
37:35 Gold Mining
37:35 Stone Mining
38:31 Onager
38:56 Capped Ram
39:38 Bracer
40:56 Drill
41:30 Gold Shaft Mining
42:27 Chemistry
41:21 Light Cavalry
42:17 Hussar
42:57 Husbandry
43:39 Chain Barding Armor
45:19 Blast Furnace
45:03 Conscription
45:58 Cavalier
46:48 Padded Archer Armor
47:15 Parthian Tactics
Connection lost

Rejoining the realm…

Still unreachable

The connection could not be restored.

Session expired

The server has moved on; the page needs a fresh start.